 Dungeon Crawl Stone Soup version 0.29.1-1-gd02db6906a (webtiles) character file.

Game seed: 13470003699136581633

15 DemonSlayer the Firebug (level 2, -2/19 HPs)
             Began as a Demonspawn Fire Elementalist on Oct 3, 2022.
             Slain by a quokka (4 damage)
             ... on level 1 of the Dungeon.
             The game lasted 00:01:56 (658 turns).

DemonSlayer the Firebug (DsFE)                       Turns: 658, Time: 00:01:56

Health: -2/19      AC:  2    Str:  7 (8)  XL:     2   Next: 34%
Magic:  2/5        EV: 12    Int: 13 (16) God:
Gold:   86         SH:  0    Dex: 13 (15) Spells: 2/5 levels left

rFire   . . .      SeeInvis .   (no weapon)
rCold   . . .      Faith    .   (no shield)
rNeg    . . .      Spirit   .   a - +0 robe
rPois   .          Reflect  .   (no helmet)
rElec   .          Harm     .   (no cloak)
rCorr   .          Rampage  .   (no gloves)
Will    .....                   (no boots)
Stlth   +++.......              (no amulet)
HPRegen 0.06/turn               (no ring)
MPRegen 0.09/turn               (no ring)

@: brilliant, about to teleport, flying
A: thin skeletal structure 1
a: no special abilities


You were on level 1 of the Dungeon.
You visited 1 branch of the dungeon, and saw 1 of its levels.

You collected 86 gold pieces.

Inventory:

Armour
 a - a +0 robe (worn)
Scrolls
 i - a scroll of identify


   Skills:
 + Level 1.9 Dodging
 + Level 1.8 Stealth
 + Level 2.2 Spellcasting
 + Level 1.2 Conjurations
 + Level 3.0 Fire Magic


You had 2 spell levels left.
You knew the following spells:

 Your Spells              Type           Power      Damage    Failure   Level
a - Foxfire               Conj/Fire      40%        2x1d6     11%         1
b - Scorch                Fire           28%        2d6       11%         2

Your spell library contained the following spells:

 Spells                   Type           Power      Damage    Failure   Level
 Conjure Flame            Conj/Fire      10%        6-21      30%         3
 Inner Flame              Hex/Fire       8%         N/A       36%         3
 Flame Wave               Conj/Fire      10%        2d6       71%         4


Dungeon Overview and Level Annotations

Branches:
Dungeon (1/15)

Altars:


Innate Abilities, Weirdness & Mutations

You have a somewhat thin skeletal structure. (Dex +2, Stealth+)


Message History

The quokka bites you but does no damage.
The hobgoblin barely misses you. The quokka bites you.
It was a potion of flight.
You feel very buoyant.
You fly up into the air.
The quokka barely misses you. The hobgoblin barely misses you.
The quokka attacks as you move away! The quokka bites you.
* * * LOW HITPOINT WARNING * * *
The quokka attacks as you move away! The quokka bites you.
* * * LOW HITPOINT WARNING * * *
The quokka barely misses you.
As you read the scroll labelled WIQANUAMISK, it crumbles to dust.
The creatures around you are filled with an inner flame!
It was a scroll of immolation.
The quokka barely misses you.
As you read the scroll labelled LIUNUD DEIVEH, it crumbles to dust.
It is a scroll of identify.
e - a scroll of poison The quokka closely misses you.
Really read the scroll of poison?
The air fills with toxic fumes!
As you read the scroll of poison, it crumbles to dust.
The quokka bites you.
* * * LOW HITPOINT WARNING * * *
As you read the scroll labelled DOGI IWEJUTIS, it crumbles to dust.
It is a scroll of enchant weapon.
You aren't carrying any weapons that can be enchanted.
The quokka barely misses you.
As you read the scroll labelled ROUS QUOMILLA, it crumbles to dust.
You feel strangely unstable.
It was a scroll of teleportation.
The quokka closely misses you. x2
You aren't carrying any potions.
Really fly into that cloud of poison gas?
Okay, then.
A quokka is nearby!
Unknown command.
You barely miss the quokka. The quokka closely misses you.
You hit the quokka but do no damage.
The quokka bites you but does no damage.
You hit the quokka but do no damage. The quokka bites you.
You die...

....# ##...............# ...##
#.....§☼§§§§§...###### ....#
#.....§☼§§§§§...#..... ....#
#÷....§§§☼§§§..>#..... ....#
##.....§§§☼§.....#.....
....#######......☼§§§.....##.....
..................§#.............
...####.#########r☼#########.....
..## #.# #@§## #..... #.#####.#
#§## #..... #.......# #§# ##....
#..###### §§# ##.... ...# .###
#...†. #.## .. #..... #..# .
#..... ##.# ....... .# ........


You could see a quokka (inner flame).

Vanquished Creatures
  A dart slug (D:1)
  An endoplasm (D:1)
  A giant cockroach (D:1)
  2 hobgoblins (D:1)
  3 jackals (D:1)
  A ball python (D:1)
  A frilled lizard (D:1)
  2 rats (D:1)
12 creatures vanquished.

Vanquished Creatures (others)
  47 foxfires (D:1)
47 creatures vanquished.

Grand Total: 59 creatures vanquished

Notes
Turn   | Place    | Note
-------+----------+-------------------------------------------
     0 | D:1      | DemonSlayer the Demonspawn Fire Elementalist began the
                  | quest for the Orb.
     0 | D:1      | Reached XP level 1. HP: 13/13 MP: 3/3
   465 | D:1      | Reached skill level 3 in Fire Magic
   467 | D:1      | Gained mutation: You have a somewhat thin skeletal
                  | structure. (Dex +2, Stealth+) [demonic ancestry]
   467 | D:1      | Reached XP level 2. HP: 19/19 MP: 1/5
   470 | D:1      | Learned a level 2 spell: Scorch
   658 | D:1      | Slain by a quokka

Illustrated notes

Levels and vault maps discovered:
D:1:      saegor_arrival_simple_a, layout_rooms, minmay_pentomino_v2

Skill      XL: |  1 |
---------------+----+-----
Fire Magic     | 3 |  3.0
Dodging        | |  1.9
Stealth        | |  1.8
Spellcasting   | |  2.2
Conjurations   | |  1.2

Action                   || total
-------------------------++-------
Melee: Unarmed           ||     8
 Cast: Foxfire           ||    26
  Use: Potion            ||     4
       Scroll            ||     5
Armor: Robe              ||     5
Dodge: Dodged            ||    25
